 Dungeon Crawl Stone Soup version 0.22-a0-429-g97ce8ef (webtiles) character file.

8020 GameOver the Destroyer (level 11, -4/99 HPs)
             Began as a Naga Wizard on May 26, 2018.
             Was an Elder of Kikubaaqudgha.
             Slain by a komodo dragon (28 damage)
             ... on level 2 of the Lair of Beasts.
             The game lasted 00:58:26 (8370 turns).

GameOver the Destroyer (Naga Wizard)                Turns: 8370, Time: 00:58:27

Health: -4/99      AC: 17    Str:  9    XL:     11   Next: 24%
Magic:  1/28       EV:  8    Int: 23    God:    Kikubaaqudgha [****..]
Gold:   440        SH:  0    Dex:  9    Spells: 8/21 levels left

rFire    . . .     SeeInvis +   w - +2 morningstar (drain)
rCold    . . .     Gourm    +   (no shield)
rNeg     . . .     Faith    .   F - +2 robe {MR+}
rPois    +         Spirit   .   z - +0 helmet
rElec    .         Reflect  .   K - +2 cloak
rCorr    .         Harm     .   (no gloves)
MR       +++..                  E - +3 naga barding
Stlth    ++........             Q - amulet of the gourmand
HPRegen  0.26/turn              b - ring of protection from magic
MPRegen  0.21/turn              I - ring of magical power

@: very slow
A: large, see invisible, deformed body, poison resistance, slowness 2, slow
metabolism 1, spit poison 1, AC +3
a: Spit Poison, Receive Corpses, Renounce Religion


You were on level 2 of the Lair of Beasts.
You worshipped Kikubaaqudgha.
Kikubaaqudgha was greatly pleased with you.
You were completely stuffed.

You visited 3 branches of the dungeon, and saw 13 of its levels.

You collected 440 gold pieces.

Inventory:

Hand Weapons
 q - a +1 scimitar
 s - a +0 dagger of venom
 w - a +2 morningstar of draining (weapon)
 x - a +0 trident
 L - a +2 dire flail of protection
 R - a cursed +3 war axe of freezing
Missiles
 o - 122 bolts
Armour
 z - a +0 helmet (worn)
 E - a +3 naga barding (worn)
 F - a +2 robe of magic resistance (worn)
 K - a +2 cloak (worn)
 P - a cursed -2 robe
 S - a +0 pair of gloves
Magical Staves
 e - an uncursed staff of fire {unknown}
Jewellery
 b - a ring of protection from magic (left hand)
 t - an uncursed ring of ice
 I - a ring of magical power (right hand)
 N - an uncursed ring of resist corrosion
 Q - an amulet of the gourmand (around neck)
 U - an uncursed ring of positive energy
Wands
 g - a wand of acid (7)
 y - a wand of random effects (34)
 A - a wand of flame (69)
 M - a wand of enslavement (5)
 O - a wand of clouds (3)
 W - a wand of disintegration (11)
Scrolls
 f - 4 scrolls of teleportation
 r - 4 scrolls of fog
 B - a scroll of fear
 C - a scroll of vulnerability
 D - a scroll of blinking
 H - 2 scrolls of magic mapping
 T - a scroll of remove curse
Potions
 a - a potion of heal wounds
 c - 3 potions of brilliance {unknown}
 h - a potion of ambrosia {unknown}
 i - a potion of experience {unknown}
 j - a potion of lignification
 k - a potion of mutation
 l - 2 potions of curing
 m - a potion of invisibility
 n - 2 potions of might {unknown}
 p - a potion of magic
 u - a potion of cancellation
 v - 2 potions of haste
 G - 3 potions of berserk rage
 J - 4 potions of flight {unknown}
Comestibles
 d - 19 rations
 V - 7 chunks of flesh


   Skills:
 + Level 6.8 Fighting
 + Level 6.8 Maces & Flails
 - Level 1.5 Dodging
 - Level 3.0 Stealth
 + Level 5.5 Spellcasting
 + Level 8.1 Conjurations
   Level 1.0 Summonings
 + Level 5.7 Necromancy
 - Level 1.0 Translocations
 - Level 5.0 Fire Magic
 - Level 5.0 Air Magic
 - Level 5.1 Poison Magic


You had 8 spell levels left.
You knew the following spells:

 Your Spells              Type           Power        Failure   Level  Hunger
a - Magic Dart            Conj           ####         1%          1    None
b - Blink                 Tloc           N/A          9%          2    None
d - Mephitic Cloud        Conj/Pois/Air  ####....     2%          3    ##.....
f - Iskenderun's Mystic   Conj           #####...     3%          4    ####...
s - Conjure Flame         Conj/Fire      #####...     1%          3    ##.....

Your spell library contained the following spells:

 Spells                   Type           Power        Failure   Level  Hunger
 Fireball                 Conj/Fire      #####.....   17%         5    #####..
 Bolt of Magma            Conj/Fire/Erth ####......   38%         5    #####..
 Slow                     Hex            #.......     14%         2    None
 Throw Flame              Conj/Fire      #####.       1%          2    None
 Venom Bolt               Conj/Pois      #####.....   16%         5    #####..
 Animate Dead             Necr           N/A          9%          4    ####...
 Pain                     Necr           ####         1%          1    None
 Animate Skeleton         Necr           N/A          1%          1    None
 Vampiric Draining        Necr           ####......   2%          3    ##.....
 Sticky Flame             Conj/Fire      #####...     6%          4    ####...
 Call Imp                 Summ           ##......     9%          2    None
 Dispel Undead            Necr           ####....     24%         5    #####..
 Sublimation of Blood     Necr           ####......   1%          2    None
 Iron Shot                Conj/Erth      ####......   95%         6    #######
 Agony                    Necr           ####....     24%         5    #####..
 Flame Tongue             Conj/Fire      #####        1%          1    None
 Simulacrum               Ice/Necr       ###.......   99%         6    #######
 Orb of Destruction       Conj           #####.....   95%         7    #######
 Inner Flame              Hex/Fire       ###.....     10%         3    ##.....
 Iskenderun's Battlesphe  Conj/Chrm      ####....     43%         5    #####..
 Fulminant Prism          Conj/Hex       ####......   17%         4    ####...
 Dazzling Spray           Conj/Hex       ####..       4%          3    ##.....
 Force Lance              Conj/Tloc      ####....     14%         4    ####...
 Searing Ray              Conj           #####.       1%          2    None
 Spellforged Servitor     Conj/Summ      ####......   100%        7    #######
 Borgnjor's Vile Clutch   Necr/Erth      ###.......   58%         5    #####..


Dungeon Overview and Level Annotations

Branches:
Dungeon (10/15)            Temple (1/1) D:6            Lair (2/6) D:9
    Orc (0/2) D:9
  Swamp: Lair:2-4    Shoals: Lair:2-4     Snake: Lair:2-4    Spider: Lair:2-4

Altars:
Cheibriados
Dithmenos
Elyvilon
Fedhas
Gozag
Hepliaklqana
Kikubaaqudgha
Makhleb
Nemelex Xobeh
Ru
Sif Muna
Uskayaw
Vehumet
Wu Jian
Xom
Yredelemnul
Zin
The Shining One

Shops:
D:4 =


Innate Abilities, Weirdness & Mutations

You cannot wear boots.
Your serpentine skin is tough. (AC +3)
You have supernaturally acute eyesight. (SInv)
Armour fits poorly on your strangely shaped body.
Your system is resistant to poisons. (rPois)
You cover ground very slowly.
You have a slow metabolism.
You can spit poison.


Message History

Press: ? - help, Shift-Dir - straight line, f/p - komodo dragon
Aim: a komodo dragon (heavily wounded)
The orb of energy hits the komodo dragon.
The komodo dragon is heavily wounded.
The porcupine bites you. The komodo dragon bites you!!
* * * LOW HITPOINT WARNING * * *
Unknown command.
Casting: Iskenderun's Mystic Blast (safe; 3% risk of failure)
Confirm with . or Enter, or press ? or * to list all spells.
You don't have enough magic to cast that spell.
As you read the scroll of fear, it crumbles to dust.
You assume a fearsome visage.
The porcupine looks frightened!
The komodo dragon resists with some effort.
You have got your breath back.
The komodo dragon bites you!
* * * LOW HITPOINT WARNING * * *
Unknown command.
You feel much better. The komodo dragon bites you!!
You die...
Kikubaaqudgha rasps: "You have failed me!
Welcome... death!"

........#
#........##
#.........#
##...).....
#P.......r#
#........##
#.......l.#
#.......@.#
#........##
#........#
#........##
#(........##
#........#.#
###....รท....##
#.#.........#
#.........##
#####


You could see a komodo dragon and a porcupine (fleeing).

Vanquished Creatures
  A two-headed ogre (D:8)
  Pikel (D:4)
  A hornet (D:9)
  4 blink frogs (Lair:2)
  2 hippogriffs (D:8)
  A spriggan (D:7)
  3 yaks (Lair:1)
  Eustachio (D:5)
  2 hungry ghosts (D:9)
  5 water moccasins
  The ghost of Galewind the Magician, an amateur DEIE (D:4)
  2 sky beasts
  A porcupine (Lair:2)
  3 orc warriors
  An ice beast (D:9)
  A black bear (D:7)
  2 phantoms (D:8)
  2 wolves (Lair:2)
  3 centaurs
  2 crocodiles
  A big kobold (D:9)
  6 bullfrogs
  4 scorpions
  9 killer bees (D:9)
  4 wights (D:9)
  4 crimson imps
  A centaur zombie (D:6)
  8 hounds
  4 jellies
  A quasit (D:9)
  A centaur skeleton (D:7)
  8 orc priests
  A bullfrog skeleton (D:6)
  Jessica (D:3)
  6 orc wizards
  An iguana (D:5)
  2 killer bee zombies (D:6)
  5 ogre zombies (D:9)
  A hound skeleton (D:4)
  A worker ant zombie (D:10)
  Robin (D:3)
  A gnoll (D:1)
  8 adders
  2 shadow imps
  3 adder skeletons
  An adder zombie (D:5)
  2 worms (D:4)
  A dart slug (D:1)
  3 leopard geckos
  42 orcs
  3 ball pythons
  8 bats
  3 giant cockroaches
  11 goblins
  10 hobgoblins
  4 jackals (D:5)
  15 kobolds
  3 quokkas
  A ball python skeleton (D:4)
  2 frilled lizards
  4 goblin zombies (D:9)
  3 hobgoblin zombies (D:9)
  2 orc skeletons (D:9)
  9 orc zombies (D:9)
  2 quokka skeletons
  6 rats
258 creatures vanquished.

Vanquished Creatures (collateral kills)
  A killer bee (D:9)
1 creature vanquished.

Grand Total: 259 creatures vanquished

Notes
Turn   | Place    | Note
-------+----------+-------------------------------------------
     0 | D:1      | GameOver the Naga Wizard began the quest for the Orb.
     0 | D:1      | Reached XP level 1. HP: 15/15 MP: 4/4
    53 | D:1      | Reached skill level 2 in Conjurations
    53 | D:1      | Reached XP level 2. HP: 22/22 MP: 0/6
   317 | D:1      | Reached skill level 3 in Conjurations
   317 | D:1      | Reached XP level 3. HP: 6/28 MP: 3/7
   321 | D:1      | Learned a level 2 spell: Blink
   325 | D:1      | Learned a level 3 spell: Mephitic Cloud
  1206 | D:3      | Noticed Robin
  1252 | D:3      | Noticed Jessica
  1254 | D:3      | Killed Jessica
  1254 | D:3      | Reached skill level 4 in Conjurations
  1254 | D:3      | Reached XP level 4. HP: 36/36 MP: 8/8
  1381 | D:3      | Found a shimmering altar of Xom.
  1600 | D:3      | Reached XP level 5. HP: 40/42 MP: 3/9
  1685 | D:3      | Killed Robin
  1731 | D:3      | Learned a level 3 spell: Conjure Flame
  1761 | D:3      | Reached skill level 5 in Conjurations
  1836 | D:3      | Reached skill level 1 in Poison Magic
  2004 | D:3      | Found a shimmering altar of Xom.
  2152 | D:4      | Reached skill level 1 in Air Magic
  2184 | D:4      | Found Duumuik's Jewellery Boutique.
  2210 | D:4      | Noticed Galewind's ghost (amateur DEIE)
  2301 | D:3      | Reached XP level 6. HP: 39/49 MP: 6/10
  2500 | D:4      | Noticed a slave
  2630 | D:4      | Found a sacrificial altar of Ru.
  2769 | D:4      | Killed Galewind's ghost
  2769 | D:4      | Reached skill level 1 in Fire Magic
  2891 | D:4      | Noticed a slave
  2891 | D:4      | Noticed a slave
  2891 | D:4      | Noticed a slave
  3040 | D:4      | Reached XP level 7. HP: 55/55 MP: 5/11
  3043 | D:4      | Reached skill level 6 in Conjurations
  3203 | D:4      | Noticed Pikel
  3232 | D:4      | Killed Pikel
  3232 | D:4      | Reached XP level 8. HP: 21/62 MP: 1/12
  3275 | D:5      | Entered Level 5 of the Dungeon
  3275 | D:5      | Noticed Eustachio
  3563 | D:5      | Reached skill level 5 in Poison Magic
  3606 | D:5      | Reached skill level 1 in Fighting
  3606 | D:5      | Reached skill level 1 in Maces & Flails
  3680 | D:5      | Found a sparkling altar of Nemelex Xobeh.
  3690 | D:5      | Killed Eustachio
  4258 | D:6      | Found an ancient bone altar of Kikubaaqudgha.
  4275 | D:6      | Reached XP level 9. HP: 20/75 MP: 13/13
  4290 | D:6      | Became a worshipper of Kikubaaqudgha
  4330 | D:6      | Found a staircase to the Ecumenical Temple.
  4338 | Temple   | Entered the Ecumenical Temple
  4457 | D:6      | Reached skill level 5 in Air Magic
  4566 | D:6      | Found a basalt altar of Yredelemnul.
  4672 | D:6      | Found a white marble altar of Elyvilon.
  5054 | D:7      | Found an ornate altar of the Wu Jian Council.
  5054 | D:7      | Found a burning altar of Makhleb.
  5054 | D:7      | Found a radiant altar of Vehumet.
  5056 | D:7      | Found an opulent altar of Gozag.
  5152 | D:7      | Reached skill level 5 in Fire Magic
  5201 | D:7      | Reached skill level 1 in Necromancy
  5364 | D:7      | Learned a level 4 spell: Iskenderun's Mystic Blast
  5854 | D:8      | Reached * piety under Kikubaaqudgha
  5854 | D:8      | Identified Kikubaaqudgha's Compendium of Unholy Secrets (Kikubaaqudgha gifted it to you on level 8 of the Dungeon)
  5854 | D:8      | Received a gift from Kikubaaqudgha
  6096 | D:8      | Noticed a two-headed ogre
  6117 | D:8      | Killed a two-headed ogre
  6117 | D:8      | Reached skill level 5 in Fighting
  6117 | D:8      | Reached skill level 5 in Maces & Flails
  6117 | D:8      | Reached XP level 10. HP: 88/88 MP: 13/15
  6434 | D:8      | You fall through a shaft for 2 floors!
  6434 | D:10     | Entered Level 10 of the Dungeon
  6462 | D:10     | Found a blossoming altar of Fedhas.
  6530 | D:9      | Reached skill level 7 in Conjurations
  6598 | D:9      | Found a staircase to the Lair.
  6628 | D:9      | Found a shadowy altar of Dithmenos.
  6656 | D:9      | Reached ** piety under Kikubaaqudgha
  6924 | D:9      | Reached *** piety under Kikubaaqudgha
  6924 | D:9      | Identified Kikubaaqudgha's Handbook of Sinister Arts (Kikubaaqudgha gifted it to you on level 9 of the Dungeon)
  6924 | D:9      | Received a gift from Kikubaaqudgha
  7156 | D:9      | Found a staircase to the Orcish Mines.
  7323 | D:9      | Found a hazy altar of Hepliaklqana.
  7537 | Lair:1   | Entered Level 1 of the Lair of Beasts
  7563 | Lair:1   | Reached skill level 5 in Necromancy
  7570 | Lair:1   | Reached skill level 5 in Spellcasting
  7855 | Lair:1   | Reached XP level 11. HP: 99/99 MP: 18/18
  8235 | Lair:2   | Reached skill level 8 in Conjurations
  8276 | Lair:2   | Reached **** piety under Kikubaaqudgha
  8369 | Lair:2   | HP: 1/99 [komodo dragon (12)]
  8370 | Lair:2   | Slain by a komodo dragon

Vault maps used:
D:1:      dpeg_arrival_stonehenge_8_columns
D:2:      first_ration
D:3:      nicolae_overflow_hidden_temple, xom_teletrap_fun, uniq_jessica,
          uniq_robin
D:4:      kennysheep_mini, serial_shops, shop, uniq_pikel
D:5:      nemelex_diamond_rough_becter, uniq_eustachio
D:6:      kennysheep_ying_yang, kiku_gazebo_pond_becter,
          minmay_temple_entry_fiery
D:7:      minitemple, the_bakery
D:8:      wad_cavern_with_rooms, hex_medium
D:9:      old_standard_altar, grunt_dithmenos_smoke_and_mirrors,
          lair_entry_dummy, zombieorc1_lemuel
D:10:     erik_rubicon_a, fedhas_altar_3
Temple:   jpeg_temple_clearing
Lair:1:   columned_hall_lemuel
Lair:2:   beast_lair_carwin_large_3, st_stairs_7, minmay_lair_oklob_chamber

Skill      XL: |  1  2  3  4  5  6  7  8  9 10 11 |
---------------+----------------------------------+-----
Conjurations   | 2 3 4 5 6 7 8 |  8.1
Poison Magic   | 1 2 4 5 |  5.1
Air Magic      | 1 2 3 4 5 |  5.0
Fire Magic     | 1 3 4 5 |  5.0
Fighting       | 3 5 6 |  6.8
Maces & Flails | 2 5 6 |  6.8
Necromancy     | 3 5 |  5.7
Spellcasting   | 5 |  5.5
Dodging        | |  1.5
Stealth        | |  3.0
Summonings     | |  1.0
Translocations | |  1.0

Action                   |  1- 3 |  4- 6 |  7- 9 | 10-12 || total
-------------------------+-------+-------+-------+-------++-------
Melee: Unarmed           |     3 |       |       |       ||     3
       Spear             |     3 |    33 |     4 |       ||    40
       Morningstar       |       |       |   216 |   252 ||   468
       Whip              |       |       |     8 |       ||     8
       Dagger            |       |       |     1 |       ||     1
 Cast: Magic Dart        |    31 |    92 |    72 |    11 ||   206
       Mephitic Cloud    |       |     2 |    21 |    10 ||    33
       Blink             |       |     1 |     1 |     1 ||     3
       Iskenderun's Myst |       |       |     1 |    48 ||    49
       Conjure Flame     |       |       |       |     4 ||     4
 Abil: Spit Poison       |    32 |    35 |    59 |    48 ||   174
Evoke: Wand              |       |       |     1 |       ||     1
  Use: Scroll            |       |     8 |     8 |     7 ||    23
       Potion            |       |       |     1 |     1 ||     2
 Stab: Sleeping          |     3 |       |     2 |       ||     5
       Confused          |       |       |     9 |     3 ||    12
  Eat: Chunk             |     2 |     6 |     9 |    19 ||    36
       Ration            |       |     1 |     1 |     3 ||     5
Armor: Robe              |     6 |     2 |   142 |   181 ||   331
       Leather armour    |       |    32 |     3 |       ||    35
Dodge: Dodged            |    10 |    27 |   126 |   105 ||   268

Table legend:
 A = Spawn XP
 B = Non-spawn XP
 C = Spawn XP percentage of total XP
 D = Spawn monster count
 E = Non-spawn monster count
 F = Spawn count percentage of total count
 G = Total turns spent on level
                    A         B        C        D         E        F      G
               +---------+---------+-------+---------+---------+-------+---------
         Total |       0 |   11458 |   0.0 |       0 |     259 |   0.0 |  8370
               +---------+---------+-------+---------+---------+-------+---------
           D:1 |       0 |      47 |   0.0 |       0 |      19 |   0.0 |   719
           D:2 |       0 |      21 |   0.0 |       0 |      15 |   0.0 |   530
           D:3 |       0 |     196 |   0.0 |       0 |      30 |   0.0 |   978
           D:4 |       0 |     945 |   0.0 |       0 |      23 |   0.0 |  1114
           D:5 |       0 |     816 |   0.0 |       0 |      25 |   0.0 |   820
           D:6 |       0 |     676 |   0.0 |       0 |      17 |   0.0 |   729
           D:7 |       0 |     709 |   0.0 |       0 |      19 |   0.0 |   895
           D:8 |       0 |    1922 |   0.0 |       0 |      23 |   0.0 |   699
           D:9 |       0 |    2702 |   0.0 |       0 |      64 |   0.0 |   936
          D:10 |       0 |     149 |   0.0 |       0 |       2 |   0.0 |    62
        Lair:1 |       0 |    1407 |   0.0 |       0 |       9 |   0.0 |   624
        Lair:2 |       0 |    1868 |   0.0 |       0 |      13 |   0.0 |   209
               +---------+---------+-------+---------+---------+-------+---------
